 Dungeon Sprint DCSS version 0.20-a0-1124-g2e29d97 (webtiles) character file.

648 potatolord6000 the Cruncher (level 7, 0/73 HPs)
             Began as a Minotaur Gladiator on May 15, 2017.
             Was an Initiate of Gozag.
             Succumbed to a queen bee's poison
             ... in the Dungeon (Sprint IV: "Fedhas' Mad Dash").
             The game lasted 00:05:09 (958 turns).

potatolord6000 the Cruncher (Minotaur Gladiator)     Turns: 958, Time: 00:05:10

Health: 0/73       AC:  6    Str: 21    XL:     7   Next: 27%
Magic:  6/6        EV: 24    Int:  5    God:    Gozag
Gold:   535        SH:  0    Dex: 16    Spells: 6/6 levels left

rFire    + . .     SeeInvis .   a - +0 quarterstaff
rCold    + . .     Gourm    .   (shield currently unavailable)
rNeg     . . .     Faith    .   b - +0 leather armour
rPois    +         Spirit   .   c - +0 hat
rElec    +         Reflect  .   (no cloak)
rCorr    +         Harm     .   j - +1 pair of gloves
MR       .....     NoTele   +   (no boots)
Stlth    ++........             g - amulet of invisibility {+Inv}
Regen    0.3/turn               (no ring)
MPRegen  0.1/turn               (no ring)

@: agile, lethally poisoned (0 -> -8), resistant, gold aura, hasted, very quick
A: retaliatory headbutt, horns 2
a: Potion Petition, Call Merchant, Bribe Branch, Renounce Religion, Evoke
Invisibility


You were in the Dungeon.
You worshipped Gozag.
Gozag was pleased with you.
You were full.

You visited 1 branch You collected 700 gold pieces.
You spent 165 gold pieces at shops.

Inventory:

Hand Weapons
 a - a +0 quarterstaff (weapon)
Armour
 b - a +0 leather armour (worn)
 c - a +0 hat (worn)
 j - a +1 pair of gloves (worn)
Jewellery
 g - the amulet of invisibility (around neck) {+Inv}
   (You found it in the Dungeon)

   [amulet of nothing]

   It lets you turn invisible.
Scrolls
 d - a scroll of enchant armour {unknown}
 e - a scroll of remove curse {unknown}
 k - a scroll of blinking
Potions
 i - 2 potions of magic
Comestibles
 f - a bread ration


   Skills:
 + Level 10.5 Fighting
 + Level 10.9 Staves
 - Level 2.0 Throwing
 + Level 5.8 Armour
 + Level 10.1 Dodging


You had 6 spell levels left.
You didn't know any spells.

Dungeon Overview and Level Annotations

Branches:
Dungeon (1/1)

Altars:
Cheibriados
Dithmenos
Elyvilon
Gozag
Hepliaklqana
Kikubaaqudgha
Makhleb
Nemelex Xobeh
Okawaru
Qazlal
Ru
Sif Muna
Trog
Uskayaw
Vehumet
Wu Jian
Xom
Yredelemnul
Zin
The Shining One
Beogh
Jiyva
Lugonu

Shops:
D *[


Innate Abilities, Weirdness & Mutations

You reflexively headbutt those who attack you in melee.
You have a pair of horns on your head.


Message History

You feel sick.
* * * LOW HITPOINT WARNING * * *
You feel sick.
* * * LOW HITPOINT WARNING * * *
You feel sick.
You see here 3 royal jellies.
* * * LOW HITPOINT WARNING * * *
You feel sick.
You are feeling hungry.
* * * LOW HITPOINT WARNING * * *
You feel sick.
* * * LOW HITPOINT WARNING * * *
You feel sick.
You eat the meat ration.
That meat ration really hit the spot!
* * * LOW HITPOINT WARNING * * *
You feel sick.
* * * LOW HITPOINT WARNING * * *
You feel sick.
You die...
Your body crumbles into a pile of gold.

######################
#<..P#.†...#.....#.⌠._
#PP..'.†...'.#[..'.._.
#PPPP#.....#.#...#..._
###############'##.._.
#...♣........'...#._._
#%...@.♣.....#...#####
#.....♣..♣..######
##+####+#####


$$$$ $ There were no monsters in sight!

Vanquished Creatures
  A queen bee (D)
  A scorpion (D)
  4 killer bees (D)
  4 oklob saplings (D)
  A worker ant (D)
  2 spriggans (D)
  A river rat (D)
  A rat (D)
15 creatures vanquished.

Notes
Turn   | Place    | Note
-------+----------+-------------------------------------------
     0 | D        | potatolord6000 the Minotaur Gladiator began the quest for the Orb.
     0 | D        | Reached XP level 1. HP: 18/18 MP: 0/0
    11 | D        | Reached XP level 2. HP: 11/27 MP: 1/1
   184 | D        | Noticed an oklob sapling
   191 | D        | Killed an oklob sapling
   191 | D        | Reached skill level 5 in Staves
   191 | D        | Reached skill level 5 in Dodging
   191 | D        | Reached XP level 3. HP: 35/35 MP: 2/2
   199 | D        | Reached skill level 5 in Fighting
   218 | D        | Found an opulent altar of Gozag.
   218 | D        | Found a hazy altar of Hepliaklqana.
   218 | D        | Found a burning altar of Makhleb.
   218 | D        | Found a roughly hewn altar of Beogh.
   218 | D        | Found a sparkling altar of Nemelex Xobeh.
   218 | D        | Found a snail-covered altar of Cheibriados.
   218 | D        | Found a sacrificial altar of Ru.
   218 | D        | Found a deep blue altar of Sif Muna.
   218 | D        | Found a shimmering altar of Xom.
   218 | D        | Found a basalt altar of Yredelemnul.
   220 | D        | Found a viscous altar of Jiyva.
   220 | D        | Found a bloodstained altar of Trog.
   220 | D        | Found an ornate altar of the Wu Jian Council.
   220 | D        | Noticed an oklob sapling priest
   221 | D        | Found an iron altar of Okawaru.
   221 | D        | Found a shadowy altar of Dithmenos.
   221 | D        | Found a glowing silver altar of Zin.
   222 | D        | Found an ancient bone altar of Kikubaaqudgha.
   222 | D        | Found a hide-covered altar of Uskayaw.
   223 | D        | Found a stormy altar of Qazlal.
   223 | D        | Found a white marble altar of Elyvilon.
   223 | D        | Found a glowing golden altar of the Shining One.
   224 | D        | Became a worshipper of Gozag Ym Sagoz the Greedy
   226 | D        | Found a radiant altar of Vehumet.
   226 | D        | Found a corrupted altar of Lugonu.
   231 | D        | Killed an oklob sapling priest
   231 | D        | Reached XP level 4. HP: 45/45 MP: 0/3
   274 | D        | Reached XP level 5. HP: 14/52 MP: 4/4
   849 | D        | Found Haodghad's Antique Armour Shop.
   849 | D        | Found Couxt's Assorted Antiques.
   855 | D        | Bought a pair of embroidered gloves for 165 gold pieces
   917 | D        | Noticed a queen bee
   922 | D        | Reached skill level 1 in Armour
   922 | D        | Reached XP level 6. HP: 58/63 MP: 5/5
   927 | D        | Reached skill level 10 in Staves
   941 | D        | Killed a queen bee
   941 | D        | Reached skill level 10 in Fighting
   941 | D        | Reached skill level 5 in Armour
   941 | D        | Reached skill level 10 in Dodging
   941 | D        | Reached XP level 7. HP: 16/73 MP: 6/6
   953 | D        | HP: 3/73 [poisoned by a queen bee]
   956 | D        | HP: 1/73 [poisoned by a queen bee]
   958 | D        | Succumbed to a queen bee's poison

Vault maps used:
D:        dungeon_sprint_fedhas

Skill      XL: |  1  2  3  4  5  6 |
---------------+-------------------+-----
Fighting       | 3 4 6 7 9 10 | 10.5
Staves         | 4 5 7 9 10 | 10.9
Dodging        | 4 5 6 7 8 10 | 10.1
Armour         | 1 5 |  5.8
Throwing       | |  2.0

Action                   |  1- 3 |  4- 6 |  7- 9 || total
-------------------------+-------+-------+-------++-------
Melee: Quarterstaff      |    14 |    40 |       ||    54
       Headbutt          |     4 |     8 |       ||    12
Invok: Potion Petition   |       |     1 |       ||     1
 Abil: Evoke Invisibilit |     1 |       |       ||     1
  Use: Potion            |     3 |     1 |       ||     4
  Eat: Meat ration       |       |       |     1 ||     1
Armor: Leather armour    |       |     1 |       ||     1
Dodge: Dodged            |     7 |    39 |       ||    46
